 Dungeon Crawl Stone Soup version 0.21-a0-521-g1cd18d1 (webtiles) character file.

51 slep the Ducker (level 3, -6/30 HPs)
             Began as a Barachi Monk on Dec 6, 2017.
             Mangled by a worm (7 damage)
             ... on level 2 of the Dungeon.
             The game lasted 00:02:43 (574 turns).

slep the Ducker (Barachi Monk)                       Turns: 574, Time: 00:02:44

Health: -6/30      AC:  7    Str: 13    XL:     3   Next: 81%
Magic:  3/3        EV: 12    Int: 10    God:
Gold:   19         SH:  0    Dex: 14    Spells: 2/2 levels left

rFire    . . .     SeeInvis .   a - +0 hand axe
rCold    . . .     Gourm    .   (no shield)
rNeg     . . .     Faith    .   l - +0 ring mail
rPois    .         Spirit   .   (no helmet)
rElec    .         Reflect  .   (no cloak)
rCorr    .         Harm     .   (no gloves)
MR       .....                  (no boots)
Stlth    ..........             (no amulet)
HPRegen  0.10/turn              f - +2 ring of protection
MPRegen  0.08/turn              n - ring of loudness (curse)

@: slow
A: +LOS, swims, slowness 1, strong legs 1
a: Hop


You were on level 2 of the Dungeon.
You were not hungry.

You visited 1 branch of the dungeon, and saw 2 of its levels.

You collected 19 gold pieces.

Inventory:

Hand Weapons
 a - a +0 hand axe (weapon)
Missiles
 m - 18 sling bullets
Armour
 b - a +0 robe
 l - a +0 ring mail (worn)
Jewellery
 f - a +2 ring of protection (left hand)
 h - an uncursed ring of see invisible
 n - a cursed ring of loudness (right hand)
Scrolls
 g - a scroll of magic mapping {unknown}
 k - a scroll of identify {unknown}
Potions
 d - a potion of brilliance {unknown}
 e - a potion of curing {unknown}
 i - 2 potions of heal wounds {unknown}
 j - a potion of resistance {unknown}
Comestibles
 c - 2 bread rations
 o - a meat ration


   Skills:
 + Level 4.0 Fighting
 + Level 4.0 Axes
 + Level 0.3 Armour
 + Level 4.1 Dodging
 + Level 2.0 Stealth


You had 2 spell levels left.
You didn't know any spells.

Dungeon Overview and Level Annotations

Branches:
Dungeon (2/15)

Altars:


Innate Abilities, Weirdness & Mutations

Shadows flee at your approach. (+LOS)
You can swim through water.
You cover ground slowly.
You can hop short distances.


Message History

The worm is moderately wounded.
The worm bites you!
* * * LOW HITPOINT WARNING * * *
You hit the worm but do no damage.
The worm is moderately wounded.
You hit the hobgoblin. The worm bites you but does no damage.
The hobgoblin closely misses you.
You hit the worm.
The worm is heavily wounded.
You barely miss the hobgoblin. The hobgoblin closely misses you.
You hit the worm.
The worm is severely wounded.
You closely miss the hobgoblin. The worm barely misses you.
The hobgoblin hits you.
* * * LOW HITPOINT WARNING * * *
You barely miss the worm.
The worm is severely wounded.
You closely miss the hobgoblin. The hobgoblin barely misses you.
The worm bites you!
You die...

#. .. # .# . #. ..
#. .. #. #. #. #.#
.. ..#.. .###
.......# #.
#g#w#.#....
##.@.<...#
#....#.####
###...##...<# .#
.###)...†#####.###.#
...).......###.....#
...#####...........#
.# #.)#.######...#
#.##.# #....# #. #.#
..#...


You could see a worm and a hobgoblin.

Vanquished Creatures
  3 oozes (D:1)
  2 dart slugs (D:1)
  A leopard gecko (D:1)
  A bat (D:1)
  3 giant cockroaches (D:1)
  8 hobgoblins
  4 kobolds (D:1)
  A ball python (D:1)
  3 frilled lizards (D:1)
  2 goblins (D:1)
  3 rats (D:1)
31 creatures vanquished.

Notes
Turn   | Place    | Note
-------+----------+-------------------------------------------
     0 | D:1      | slep the Barachi Monk began the quest for the Orb.
     0 | D:1      | Reached XP level 1. HP: 18/18 MP: 1/1
   198 | D:1      | Reached XP level 2. HP: 25/25 MP: 2/2
   370 | D:1      | Reached XP level 3. HP: 28/30 MP: 3/3
   573 | D:2      | HP: 1/30 [hobgoblin (2)]
   574 | D:2      | Mangled by a worm

Vault maps used:
D:1:      dpeg_arrival_three_same_balls
D:2:      uniq_crazy_yiuf_cottage, uniq_robin, uniq_natasha

Skill      XL: |  1  2  3 |
---------------+----------+-----
Dodging        | 4 |  4.1
Stealth        | 2 |  2.0
Fighting       | 4 |  4.0
Axes           | 4 |  4.0
Armour         | |  0.3

Action                   || total
-------------------------++-------
Melee: Hand axe          ||    95
 Stab: Sleeping          ||     1
Armor: Robe              ||     2
       Ring mail         ||    26
Dodge: Dodged            ||    60

Table legend:
 A = Spawn XP
 B = Non-spawn XP
 C = Spawn XP percentage of total XP
 D = Spawn monster count
 E = Non-spawn monster count
 F = Spawn count percentage of total count
 G = Total turns spent on level
                    A         B        C        D         E        F      G
               +---------+---------+-------+---------+---------+-------+---------
         Total |       0 |      73 |   0.0 |       0 |      31 |   0.0 |   574
               +---------+---------+-------+---------+---------+-------+---------
           D:1 |       0 |      69 |   0.0 |       0 |      29 |   0.0 |   544
           D:2 |       0 |       4 |   0.0 |       0 |       2 |   0.0 |    30
               +---------+---------+-------+---------+---------+-------+---------
